 Dungeon Crawl Stone Soup version 0.31.0-11-ge490571c62 (webtiles) character file.

Game seed: 9022189830518750308

96 qw the Shooter (level 4, -3/22 HPs)
             Began as a Spriggan Hunter on Feb 4, 2024.
             Slain by an orc
             ... wielding a +0 flail
              (9 damage)
             ... on level 3 of the Dungeon.
             The game lasted 00:00:33 (1829 turns).

qw the Shooter (Spriggan Hunter)                    Turns: 1829, Time: 00:00:33

Health: -3/22      AC:  2    Str:  7    XL:     4   Next: 41%
Magic:  5/5        EV: 20    Int: 10    God:
Gold:   107        SH:  0    Dex: 20    Spells: 3/3 levels left

rFire   . . .        a - +0 shortbow
rCold   . . .        (shield currently unavailable)
rNeg    . . .        c - +0 robe
rPois   .            (helmet restricted)
rElec   .            (no cloak)
rCorr   .            (gloves unavailable)
SInv    +            (boots unavailable)
Will    .....        (no amulet)
Stlth   ++           (no ring)
HPRegen 0.23/turn    (no ring)
MPRegen 0.09/turn

%: no passive effects
@: very quick
A: very small, no large weapons, unfitting armour, see invisible, speed 3
a: no special abilities


You were on level 3 of the Dungeon.
You visited 1 branch of the dungeon, and saw 3 of its levels.

You collected 107 gold pieces.


Innate Abilities, Weirdness & Mutations

You are very small and have problems with some larger weapons.
You are too small for most types of armour.
You have supernaturally acute eyesight. (SInv)
You cover ground extremely quickly. (Speed+++)


   Skills:
 - Level 1.5 Fighting
 - Level 5.0 Ranged Weapons
 + Level 4.9 Dodging
 - Level 1.5 Stealth


You had 3 spell levels left.
You didn't know any spells.
Your spell library was empty.

Inventory:

Hand Weapons
 a - a +0 shortbow (weapon)
Armour
 c - a +0 robe (worn)
Jewellery
 d - a +4 ring of protection
Wands
 e - a wand of polymorph (12)
Scrolls
 b - 2 scrolls of enchant armour
 f - a scroll of identify
Potions
 g - 2 potions of heal wounds {unknown}
 h - a potion of mutation
 i - a potion of berserk rage {unknown}

Dungeon Overview and Level Annotations

Branches:
Dungeon (3/15)

Altars:
Fedhas
Uskayaw


Message History

The arrow hits the endoplasm.
The endoplasm is moderately wounded.
You shoot an arrow. The arrow hits the endoplasm!
You kill the endoplasm!
You shoot an arrow. The orc shouts!
The arrow hits the orc.
The orc is moderately wounded.
You shoot an arrow. The arrow barely misses the orc.
The arrow hits the orc but does no damage.
The orc hits you with a +2 hand axe of electrocution!
The orc hits you with a +0 dagger.
You shoot an arrow. The arrow closely misses the orc.
The arrow hits the orc but does no damage.
The orc completely misses you. The orc hits you with a +0 dagger.
You shoot an arrow. The arrow closely misses the orc.
The orc barely misses you. x2; The orc hits you with a +0 dagger.
You shoot an arrow. The arrow hits the orc.
You kill the orc!
The orc barely misses you. The orc misses you.
You shoot an arrow.
The arrow hits the orc but does no damage.
The orc completely misses you. The orc misses you.
The orc hits you with a +0 dagger.
You shoot an arrow.
The arrow hits the orc but does no damage.
The orc barely misses you. The orc closely misses you.
The orc completely misses you.
You shoot an arrow. The arrow completely misses the orc.
The orc closely misses you. The orc misses you.
The orc hits you with a +0 dagger.
You shoot an arrow.
The arrow hits the orc but does no damage.
The orc completely misses you. The orc closely misses you.
The orc hits you but does no damage. The orc barely misses you.
The orc closely misses you. The orc completely misses you.
You shoot an arrow. The arrow hits the orc.
The orc is moderately wounded.
The orc hits you with a +0 dagger. The orc hits you with a +0 flail!
You die...

######.#..####.#
#......# # .
#.##...# #### ..
#.##...# #... ...
#......# #... .)..
###.###..# ####
..%..#####......).#
......o.##.######.#
#..)o@....#
#...o?##..#
####.....[#
#####..# ...# ##.#
.# ..


You could see 3 orcs.

Vanquished Creatures
  2 adders (D:2)
  2 dart slugs
  8 orcs (D:3)
  5 endoplasms
  3 giant cockroaches
  7 goblins
  5 hobgoblins
  2 jackals (D:1)
  2 quokkas (D:3)
  5 ball pythons (D:1)
  3 bats
  4 frilled lizards
  3 kobolds
  7 rats
58 creatures vanquished.

Notes
Turn   | Place    | Note
-------+----------+-------------------------------------------
     0 | D:1      | qw the Spriggan Hunter began the quest for the Orb.
     0 | D:1      | Reached XP level 1. HP: 10/10 MP: 2/2
     0 | D:1      | 0 ||| qw: Version: 0.3-a-160-g6735b56
     0 | D:1      | 0 ||| qw: Game counter: 6070
     0 | D:1      | 0 ||| qw: Melee chars always use a shield: true
     0 | D:1      | 0 ||| qw: God list: Okawaru
     0 | D:1      | 0 ||| qw: Allow faded altars: false
     0 | D:1      | 0 ||| qw: Do Orc after clearing Dungeon:15 true
     0 | D:1      | 0 ||| qw: Do second Lair branch before Depths: true
     0 | D:1      | 0 ||| qw: Lair rune preference: random
     0 | D:1      | 0 ||| qw: Goals: Normal
     0 | D:1      | 0 ||| PLANNING D:1-11
    56 | D:1      | Reached skill level 3 in Dodging
   127 | D:1      | Reached XP level 2. HP: 14/14 MP: 3/3
   514 | D:1      | Reached XP level 3. HP: 18/18 MP: 4/4
   674 | D:1      | 674 ||| READING scroll labelled WIXUTWISYMN.
   679 | D:1      | 679 ||| READING scroll labelled HIUNIL HEMUYW.
   680 | D:1      | 680 ||| READING scroll labelled JORHICEASU.
   681 | D:1      | 681 ||| READING 2 scrolls labelled XOUNUPPERAC.
   681 | D:1      | 681 ||| IDENTIFYING viscous clear potion
   682 | D:1      | 682 ||| READING scroll of identify.
   682 | D:1      | 682 ||| IDENTIFYING scroll labelled JIUSHR IQUT
   683 | D:1      | 683 ||| DROPPING scroll of butterflies.
   684 | D:1      | 684 ||| DROPPING scroll of noise.
   704 | D:2      | 704 ||| STAIRDANCE
   804 | D:2      | Found a hide-covered altar of Uskayaw.
  1289 | D:2      | Reached skill level 5 in Ranged Weapons
  1299 | D:2      | Reached XP level 4. HP: 20/22 MP: 5/5
  1557 | D:2      | 1557 ||| READING 3 scrolls of identify.
  1557 | D:2      | 1557 ||| IDENTIFYING scroll labelled VOGHAO XUCOOLU
  1558 | D:2      | 1558 ||| READING 2 scrolls of identify.
  1558 | D:2      | 1558 ||| IDENTIFYING 2 scrolls labelled MOSOBR AWOSE
  1559 | D:2      | 1559 ||| DROPPING scroll of torment.
  1576 | D:3      | Found a blossoming altar of Fedhas.
  1829 | D:3      | Slain by an orc

Levels and vault maps discovered:
D:1:      ncdulo_watergridlock, layout_loops_ring
D:2:      layout_loops_corners, basic_altar, minmay_unequal
D:3:      layout_basic, fedhas_altar_3, uniq_jessica

Skill      XL: |  1  2  3 |
---------------+----------+-----
Dodging        | 3 4 |  4.9
Ranged Weapons | 5 |  5.0
Fighting       | |  1.5
Stealth        | |  1.5

Action                     |  1- 3 |  4- 6 || total
---------------------------+-------+-------++-------
   Fire: Shortbow          |   116 |    42 ||   158
    Use: Scroll            |     5 |     2 ||     7
 Armour: Robe              |    11 |    11 ||    22
  Dodge: Dodged            |    39 |    28 ||    67

Table legend:
 A = Non-vault XP
 B = Vault XP
 C = Vault XP percentage of total XP
 D = Non-vault monster count
 E = Vault monster count
 F = Vault count percentage of total count
                 A         B        C        D         E       F
            +---------+---------+-------+---------+---------+-------
      Total |     128 |      10 |   7.2 |      53 |       5 |   8.6
            +---------+---------+-------+---------+---------+-------
        D:1 |      42 |       2 |   4.5 |      25 |       1 |   3.8
        D:2 |      50 |       8 |  13.8 |      15 |       4 |  21.1
        D:3 |      36 |       0 |   0.0 |      13 |       0 |   0.0
            +---------+---------+-------+---------+---------+-------
